 Dungeon Crawl Stone Soup version 0.28.0-53-g5a82cb258f (webtiles) character file.

Game seed: 3340461388056803529

92 DildoBatman the Conjurer (level 4, -1/33 HPs)
             Began as a Formicid Conjurer on Aug 10, 2022.
             Slain by a gnoll
             ... wielding a +0 halberd
              (10 damage)
             ... on level 3 of the Dungeon.
             The game lasted 00:04:51 (1870 turns).

DildoBatman the Conjurer (Formicid Conjurer)        Turns: 1870, Time: 00:04:52

Health: -1/33      AC:  2    Str: 11    XL:     4   Next: 90%
Magic:  5/8        EV: 12    Int: 18    God:
Gold:   77         SH:  5    Dex: 11    Spells: 5/8 levels left

rFire   . . .      SeeInvis +   l - +0 dagger (drain)
rCold   . . .      Faith    .   (no shield)
rNeg    . . .      Spirit   .   a - +0 robe
rPois   .          Reflect  +   (helmet unavailable)
rElec   .          Harm     .   (no cloak)
rCorr   .          Rampage  .   (no gloves)
Will    .....                   (no boots)
Stlth   ++........              g - amulet of reflection
HPRegen 0.11/turn               (no ring)
MPRegen 0.11/turn               (no ring)

@: no status effects
A: permanent stasis, dig shafts and tunnels, antennae 3, four strong arms
a: Dig, Shaft Self


You were on level 3 of the Dungeon.
You visited 1 branch of the dungeon, and saw 3 of its levels.

You collected 77 gold pieces.

Inventory:

Hand Weapons
 e - a +0 short sword
 l - a +0 dagger of draining (weapon)
Missiles
 d - 104 stones
 j - 35 arrows
Armour
 a - a +0 robe (worn)
Magical Staves
 h - a staff of earth
Jewellery
 g - an amulet of reflection (around neck)
Scrolls
 b - a scroll of identify {unknown}
 f - 2 scrolls of teleportation {unknown}
 k - a scroll of enchant armour {unknown}
 n - a scroll of vulnerability {unknown}
 o - a scroll of magic mapping {unknown}
Potions
 c - a potion of haste {unknown}
 i - a potion of curing {unknown}
 m - 3 potions of mutation {unknown}


   Skills:
 * Level 1.9 Fighting
 * Level 2.0 Armour
 - Level 2.0 Dodging
 - Level 2.4 Stealth
 * Level 2.9 Spellcasting
 * Level 4.1 Conjurations


You had 5 spell levels left.
You knew the following spells:

 Your Spells              Type           Power      Damage    Failure   Level
a - Searing Ray           Conj           34%        2d5       4%          2
c - Magic Dart            Conj           68%        1d6       3%          1

Your spell library contained the following spells:

 Spells                   Type           Power      Damage    Failure   Level
 Animate Skeleton         Necr           4%         N/A       17%         1
 Apportation              Tloc           4%         N/A       17%         1
 Sting                    Tmut/Pois      8%         1d3       17%         1
 Summon Small Mammal      Summ           8%         N/A       17%         1
 Dazzling Flash           Conj/Hex       20%        N/A       22%         3
 Poisonous Vapours        Pois/Air       4%         N/A       26%         2
 Fulminant Prism          Conj/Hex       5%         3d7       56%         4
 Iskenderun's Mystic Bla  Conj/Tloc      10%        2d4       56%         4
 Olgreb's Toxic Radiance  Pois           2%         N/A       86%         4


Dungeon Overview and Level Annotations

Branches:
Dungeon (3/15)

Altars:

Annotations:
D:3 Terence


Innate Abilities, Weirdness & Mutations

You cannot be hasted, slowed, berserked, paralysed or teleported.
You can dig through walls and to a lower floor.
You have a pair of large antennae on your head. (SInv)
Your four strong arms can wield two-handed weapons with a shield.


Message History

The searing ray hits the gnoll!
The gnoll is almost dead.
The searing ray hits the orc wizard.
The orc wizard is heavily wounded.
The searing ray misses the gnoll.
The searing ray hits the gnoll.
The gnoll is heavily wounded.
The gnoll closely misses you.
The gnoll hits you from afar with a +0 halberd!
The searing ray hits the gnoll.
You kill the gnoll!
The searing ray misses the gnoll.
The searing ray misses the orc wizard.
You finish channelling your searing ray.
The gnoll closely misses you.
Your Armour skill increases to level 2!
The orc wizard mumbles some strange words.
The orc wizard flickers and vanishes for a moment.
The gnoll misses you.
You open the door. The gnoll closely misses you.
There is an open door here.
The orc wizard points at you and mumbles some strange words.
You are confused.
The gnoll barely misses you. The gnoll closely misses you.
You're too confused to move!
The gnoll misses you.
The gnoll hits you from afar with a +0 halberd!
You bump into the metal wall.
The gnoll misses you. The orc wizard closely misses you.
You bump into the metal wall.
The gnoll misses you.
The orc wizard hits you but does no damage.
You feel less confused. You block the gnoll's attack.
The orc wizard hits you with a +0 dagger.
The gnoll hits you from afar with a +0 halberd!
You die...

#.o##..# #.####'####
#.#.......# #.#...§...#
#.#..≈§§..# #.#..≈≈§§.#
#.#.g≈.≈..# #.#o...)..#
#.#..@....# #.####'######
#...).......#
#######...#.########
#####....#........#
##..##..>.#........# #.
#...#.....#g.{{....#
##.####.#.#.###......g...#
#....##.#.#.###.......o..#


You could see an orc wizard (invisible) and a gnoll.

Vanquished Creatures
  2 gnolls (D:3)
  An adder (D:2)
  2 worms
  2 dart slugs
  2 orcs (D:3)
  2 ball pythons
  10 endoplasms
  3 giant cockroaches
  5 goblins
  4 hobgoblins (D:1)
  2 jackals (D:1)
  2 quokkas
  2 bats
  5 frilled lizards
  2 kobolds
  3 rats
49 creatures vanquished.

Vanquished Creatures (others)
  2 plants (D:1)
2 creatures vanquished.

Grand Total: 51 creatures vanquished

Notes
Turn   | Place    | Note
-------+----------+-------------------------------------------
     0 | D:1      | DildoBatman the Formicid Conjurer began the quest for the
                  | Orb.
     0 | D:1      | Reached XP level 1. HP: 13/13 MP: 3/3
    84 | D:1      | Found a faded altar of an unknown god.
   204 | D:1      | Reached XP level 2. HP: 13/20 MP: 1/5
   271 | D:1      | Learned a level 2 spell: Searing Ray
   705 | D:1      | Reached skill level 1 in Armour
   775 | D:1      | Reached skill level 1 in Fighting
   775 | D:1      | Reached XP level 3. HP: 26/26 MP: 3/6
  1234 | D:2      | Reached XP level 4. HP: 32/32 MP: 3/8
  1293 | D:2      | Reached skill level 4 in Conjurations
  1727 | D:3      | Noticed Terence
  1870 | D:3      | Slain by a gnoll

Illustrated notes

Levels and vault maps discovered:
D:1:      shiori_arrival_maze, layout_basic, dreamdust_ecumenical_altar_statues,
          serial_bayou_lagoon_b
D:2:      layout_basic
D:3:      layout_rooms, grunt_ministairs_11, kennysheep_generic_room_11,
          uniq_terence, uniq_crazy_yiuf_cottage

Skill      XL: |  1  2  3  4 |
---------------+-------------+-----
Dodging        | 2 |  2.0
Armour         | 1 2 |  2.0
Fighting       | 1 |  1.9
Conjurations   | 4 |  4.1
Stealth        | |  2.4
Spellcasting   | |  2.9

Action                   |  1- 3 |  4- 6 || total
-------------------------+-------+-------++-------
Melee: Short sword       |    29 |       ||    29
       Unarmed           |     1 |       ||     1
       Dagger            |    22 |    23 ||    45
       Punch             |     1 |       ||     1
 Cast: Magic Dart        |    29 |     6 ||    35
       Searing Ray       |     5 |     3 ||     8
 Stab: Sleeping          |     1 |       ||     1
Armor: Robe              |    10 |     5 ||    15
Dodge: Dodged            |    29 |    18 ||    47
Block: Other             |     3 |     9 ||    12
       Reflection        |     1 |       ||     1
